 Dungeon Crawl Stone Soup version 0.30.1-4-g462c640d31 (webtiles) character file.

Game seed: 17398840135422415161

564 Peloso the Slasher (level 7, -9/61 HPs)
             Began as a Minotaur Fighter on Aug 18, 2023.
             Mangled by a gnoll sergeant
             ... wielding a +0 spear
              (10 damage)
             ... on level 5 of the Dungeon.
             The game lasted 00:08:42 (3841 turns).

Peloso the Slasher (Minotaur Fighter)               Turns: 3841, Time: 00:08:43

Health: -9/61      AC: 10    Str: 20    XL:     7   Next: 10%
Magic:  6/6        EV:  8    Int:  5    God:
Gold:   171        SH:  5    Dex: 12    Spells: 6/6 levels left

rFire   . . .        a - +1 long sword
rCold   . . .        d - +0 buckler
rNeg    . . .        c - +0 chain mail {Will+}
rPois   .            (helmet restricted)
rElec   .            (no cloak)
rCorr   .            (no gloves)
SInv    .            (no boots)
Will    +....        (no amulet) Stlth
                     (no ring)
HPRegen 0.30/turn    (no ring)
MPRegen 0.10/turn

%: no passive effects
@: no status effects
A: horns 2, retaliatory headbutt
a: no special abilities


You were on level 5 of the Dungeon.
You visited 1 branch of the dungeon, and saw 5 of its levels.
You also visited: Ossuary.

You collected 283 gold pieces.
You spent 112 gold pieces at shops.

Inventory:

Hand Weapons
 a - a +1 long sword (weapon)
Missiles
 x - a throwing net (quivered)
Armour
 b - a +0 scale mail
 c - a +0 chain mail of willpower (worn)
 d - a +0 buckler (worn)
 m - a +0 plate armour
Jewellery
 h - a ring of protection from cold
Scrolls
 f - 5 scrolls of teleportation
 g - a scroll of noise
 k - a scroll of fear
 n - 3 scrolls of enchant armour
 o - a scroll of amnesia
 t - 2 scrolls of fog
Potions
 e - 5 potions of mutation
 i - a potion of berserk rage {unknown}
 j - 5 potions of curing
 l - 3 potions of heal wounds {unknown}
 p - a potion of degeneration {unknown}
 r - 2 potions of haste {unknown}
 s - a potion of might
 u - 2 potions of brilliance {unknown}
 z - a potion of resistance
 C - 2 potions of flight {unknown}


   Skills:
 + Level 5.0 Fighting
 + Level 6.5 Long Blades
 + Level 5.7 Armour
 + Level 1.4 Dodging
 + Level 4.7 Shields


You had 6 spell levels left.
You didn't know any spells.
Your spell library contained the following spells:

 Spells                   Type           Power      Damage    Failure   Level
 Kiss of Death            Conj/Necr      0%         2d5       99%         1
 Lesser Beckoning         Tloc           0%         N/A       100%        2
 Sublimation of Blood     Necr           0%         N/A       100%        2
 Confusing Touch          Hex            0%         N/A       100%        3
 Gell's Gravitas          Tloc           0%         N/A       100%        3
 Teleport Other           Tloc           0%         N/A       100%        3
 Dispel Undead            Necr           0%         3d6       100%        4
 Petrify                  Tmut/Erth      0%         N/A       100%        4
 Irradiate                Conj/Tmut      0%         3d11      100%        5


Dungeon Overview and Level Annotations

Branches:
Dungeon (5/15)            Ossuary (visited)
 Temple: D:4-7

Altars:

Shops:
D:1 !   D:4 (


Innate Abilities, Weirdness & Mutations

You have a pair of horns on your head.
You reflexively headbutt those who attack you in melee.


Message History

Things that are here:
a +0 spear; a gnoll corpse
Things that are here:
a +0 spear; a gnoll corpse You hit the gnoll sergeant but do no damage.
The gnoll sergeant hits you with a +0 spear.
You hit the gnoll sergeant but do no damage.
The gnoll sergeant blocks your attack.
The gnoll sergeant hits you but does no damage.
You hit the gnoll sergeant. You headbutt the gnoll sergeant.
The gnoll sergeant is moderately wounded.
The gnoll sergeant hits you with a +0 spear.
You hit the gnoll sergeant. The gnoll sergeant blocks your attack.
The gnoll sergeant is moderately wounded.
The gnoll sergeant hits you with a +0 spear.
You barely miss the gnoll sergeant.
The gnoll sergeant is moderately wounded.
You block the gnoll sergeant's attack.
You hit the gnoll sergeant.
Your headbutt misses the gnoll sergeant.
The gnoll sergeant is heavily wounded.
A gnoll comes into view. It is wielding a +0 flail.
The gnoll sergeant hits you with a +0 spear.
You barely miss the gnoll sergeant.
The gnoll sergeant is heavily wounded. 2 gnolls come into view.
The gnoll shouts!
You hear a shout!
The gnoll hits you with a +0 flail.
* * * LOW HITPOINT WARNING * * *
The gnoll hits you but does no damage.
The gnoll sergeant hits you with a +0 spear!
* * * LOW HITPOINT WARNING * * *
You hit the gnoll sergeant. You headbutt the gnoll sergeant.
The gnoll sergeant is almost dead.
A gnoll comes into view. It is wielding a +0 mace.
The gnoll hits you with a +0 flail.
* * * LOW HITPOINT WARNING * * *
The gnoll hits you but does no damage.
The gnoll sergeant hits you with a +0 spear!
You die...

#.######.########.#
#.........+
#<#..........##.#
#.........#
#.#........#...(#
#.#########
#..........########...######
####.......### #.........#
#..........## #...#'#...#
#.......##..####...#.#...###
#..........g)).#[###.###.#..
.....######@##)#.+.....'...#
####### #ggg.#.###.###...#
#..g##..#...#.#.....# .###
##.#...#+#.....#
#...?.........#
#.############# #....#
.....# #.....#


You could see a gnoll sergeant (resistant) and 4 gnolls.

Vanquished Creatures
  An ogre (D:5)
  A scorpion (D:5)
  A water moccasin zombie (Ossuary)
  2 hounds (D:5)
  A jelly (D:5)
  An iguana (D:5)
  2 mummies (Ossuary)
  Robin (D:4)
  4 adders
  4 gnolls (D:5)
  5 adder zombies (Ossuary)
  3 worms
  7 orcs
  8 ball pythons
  7 bats
  6 endoplasms
  3 giant cockroaches
  12 goblins
  6 hobgoblins
  8 jackals
  7 kobolds
  2 quokkas
  2 frilled lizards
  3 gnoll zombies (Ossuary)
  5 hobgoblin zombies (Ossuary)
  7 kobold zombies (Ossuary)
  2 orc zombies (Ossuary)
  2 rats
113 creatures vanquished.

Notes
Turn   | Place    | Note
-------+----------+-------------------------------------------
     0 | D:1      | Peloso the Minotaur Fighter began the quest for the Orb.
     0 | D:1      | Reached XP level 1. HP: 19/19 MP: 0/0
   119 | D:1      | Found Ylay's Distillery.
   129 | D:1      | Reached XP level 2. HP: 27/27 MP: 1/1
   789 | D:2      | Reached XP level 3. HP: 33/33 MP: 2/2
   832 | D:2      | Reached skill level 3 in Long Blades
  1757 | D:3      | Reached XP level 4. HP: 31/40 MP: 3/3
  2391 | D:1      | Bought a potion of mutation for 112 gold pieces
  2449 | D:4      | Noticed Robin
  2462 | D:4      | Reached skill level 4 in Long Blades
  2472 | D:4      | Killed Robin
  2764 | D:4      | Found Liarybbom's Weapon Emporium.
  2803 | D:4      | Reached XP level 5. HP: 41/46 MP: 4/4
  2925 | D:5      | Entered Level 5 of the Dungeon
  2945 | D:5      | Reached skill level 5 in Long Blades
  2945 | D:5      | Reached skill level 5 in Armour
  3054 | D:5      | Noticed an ogre
  3070 | D:5      | Killed an ogre
  3071 | D:5      | Reached skill level 1 in Dodging
  3071 | D:5      | Reached XP level 6. HP: 17/53 MP: 5/5
  3203 | D:5      | Found a sand-covered staircase.
  3209 | Ossuary  | Entered an ossuary
  3251 | Ossuary  | Reached skill level 6 in Long Blades
  3809 | D:5      | Reached XP level 7. HP: 52/60 MP: 6/6
  3818 | D:5      | Reached skill level 5 in Fighting
  3841 | D:5      | HP: 1/61 [gnoll/+0 flail[a gnoll sergeant] (6)]
  3841 | D:5      | Mangled by a gnoll sergeant

Illustrated notes

Levels and vault maps discovered:
D:1:      zaba_arrival_water, layout_basic, serial_shops,
          nicolae_shop_industrial_runoff, minmay_pentomino_p4
D:2:      layout_basic, serial_forest, infiniplex_forest_straight_3,
          infiniplex_forest_straight_5, infiniplex_forest_clump_double,
          infiniplex_forest_straight_2, infiniplex_forest_lined_4_way,
          infiniplex_forest_lined_4_way, infiniplex_forest_fountain,
          infiniplex_forest_lined_room_, hangedman_decor_points,
          eino_tiny_chamber
D:3:      layout_loops_ring
D:4:      layout_basic, serial_shops, kennysheep_mini_moat,
          minmay_misc_feat_iff, uniq_robin
D:5:      nicolae_cairo_tiling, layout_basic, nicolae_ossuary_entry_plus

Skill      XL: |  1  2  3  4  5  6  7 |
---------------+----------------------+-----
Armour         | 4 5 |  5.7
Fighting       | 4 5 |  5.0
Long Blades    | 3 4 5 6 |  6.5
Shields        | 4 |  4.7
Dodging        | 1 |  1.4

Action                     |  1- 3 |  4- 6 |  7- 9 || total
---------------------------+-------+-------+-------++-------
  Melee: Long sword        |    93 |   190 |    18 ||   301
         Headbutt          |    15 |    46 |     5 ||    66
    Use: Scroll            |       |    11 |       ||    11
         Potion            |       |     1 |       ||     1
 Armour: Scale mail        |    63 |       |       ||    63
         Plate armour      |    13 |     7 |       ||    20
         Chain mail        |       |    81 |     9 ||    90
  Dodge: Dodged            |    71 |    77 |     9 ||   157
  Block: Buckler           |    27 |    53 |     5 ||    85
